 Dungeon Crawl Stone Soup version 0.30-a0-867-g305f33218d (webtiles) character file.

Game seed: 16748635690016750010

170 Hubris850 the Trooper (level 5, -1/54 HPs)
             Began as an Ogre Reaver on Mar 10, 2023.
             Slain by a scorpion (7 damage)
             ... on level 3 of the Dungeon.
             The game lasted 00:07:01 (2122 turns).

Hubris850 the Trooper (Ogre Reaver)                 Turns: 2122, Time: 00:07:01

Health: -1/54      AC:  3    Str: 18    XL:     5   Next: 51%
Magic:  9/9        EV: 10    Int: 14    God:
Gold:   122        SH:  0    Dex:  7    Spells: 9/10 levels left

rFire   . . .      SeeInvis .    q - +0 giant spiked club
rCold   . . .      Faith    .    (shield currently unavailable)
rNeg    . . .      Spirit   .    l - +0 animal skin
rPois   .          Reflect  .    (helmet restricted)
rElec   .          Rampage  .    (no cloak)
rCorr   .                        (gloves unavailable)
Will    .....                    (boots unavailable)
Stlth   +                        (no amulet)
HPRegen 0.29/turn                (no ring)
MPRegen 0.11/turn                (no ring)

@: mighty, lethally poisoned (-1 -> -5)
A: large, unfitting armour, tough skin 1
a: no special abilities


You were on level 3 of the Dungeon.
You visited 1 branch of the dungeon, and saw 3 of its levels.

You collected 122 gold pieces.

Inventory:

Hand Weapons
 a - a +0 mace
 f - a +0 triple sword
 q - a +0 giant spiked club (weapon)
Missiles
 b - 3 javelins
 g - 2 boomerangs
 m - 5 poisoned darts
Armour
 l - a +0 animal skin (worn)
Wands
 j - a wand of roots (10)
 o - a wand of mindburst (12)
Potions
 c - a potion of might
 e - a potion of flight
 k - a potion of curing


   Skills:
 - Level 4.0 Fighting
 + Level 3.7 Maces & Flails
 + Level 3.2 Dodging
 - Level 3.0 Spellcasting
 - Level 3.0 Conjurations


You had 9 spell levels left.
You knew the following spells:

 Your Spells              Type           Power      Damage    Failure   Level
a - Kiss of Death         Conj/Necr      24%        2d7       12%         1

Your spell library contained the following spells:

 Spells                   Type           Power      Damage    Failure   Level
 Momentum Strike          Conj/Tloc      12%        3d8       17%         2
 Apportation              Tloc           4%         N/A       22%         1
 Hailstorm                Conj/Ice       6%         3d4       34%         3
 Alistair's Intoxication  Tmut/Pois      1%         N/A       99%         5


Dungeon Overview and Level Annotations

Branches:
Dungeon (3/15)

Altars:


Innate Abilities, Weirdness & Mutations

You are too large for most types of armour.
You have tough skin. (AC +1)


Message History

You feel very sick. The scorpion stings you. The scorpion closely misses you.
You barely miss the scorpion.
You feel very sick. The scorpion stings you.
You are more poisoned.
The scorpion poisons you! The scorpion barely misses you.
You closely miss the scorpion.
You feel very sick. The scorpion closely misses you. The scorpion stings you.
You closely miss the scorpion.
You feel very sick. The scorpion closely misses you. x2
You sock the scorpion!
The scorpion is severely wounded.
You feel sick. The scorpion stings you.
* * * LOW HITPOINT WARNING * * *
You are lethally poisoned!
The scorpion poisons you! The scorpion stings you.
* * * LOW HITPOINT WARNING * * *
It was a potion of might.
You feel very mighty all of a sudden.
* * * LOW HITPOINT WARNING * * *
You feel very sick. The scorpion closely misses you.
It was a potion of curing.
You feel better. The scorpion barely misses you.
You closely miss the scorpion.
The scorpion is severely wounded.
The scorpion stings you but does no damage.
The scorpion stings you.
* * * LOW HITPOINT WARNING * * *
You are poisoned.
The scorpion poisons you!
You barely miss the scorpion.
The scorpion is severely wounded.
You feel very sick. The scorpion stings you.
* * * LOW HITPOINT WARNING * * *
The scorpion stings you!
You die...

### #### #.. ..# #.#
#.# #.# #.#######
#######.######.......#
......................
#######...##########.#
#####...# #.#
#.s@..### #.# #.#####
#.# .. #.. ## ###


You could see a scorpion.

Vanquished Creatures
  An ogre (D:2)
  Robin (D:2)
  2 adders
  A worm (D:2)
  5 bats
  3 endoplasms
  A giant cockroach (D:3)
  14 goblins
  8 hobgoblins
  3 ball pythons
  A frilled lizard (D:2)
  6 kobolds
  3 rats
49 creatures vanquished.

Vanquished Creatures (others)
  A plant (D:2)
1 creature vanquished.

Grand Total: 50 creatures vanquished

Notes
Turn   | Place    | Note
-------+----------+-------------------------------------------
     0 | D:1      | Hubris850 the Ogre Reaver began the quest for the Orb.
     0 | D:1      | Reached XP level 1. HP: 22/22 MP: 3/3
   250 | D:1      | Reached XP level 2. HP: 12/29 MP: 5/5
   430 | D:1      | Reached skill level 3 in Fighting
   625 | D:2      | You fall into a shaft and drop 1 floor!
   661 | D:2      | Reached XP level 3. HP: 34/37 MP: 7/7
   710 | D:2      | Noticed Robin
   735 | D:2      | Killed Robin
  1079 | D:2      | Reached XP level 4. HP: 20/39 MP: 8/8
  1270 | D:2      | Noticed an ogre
  1273 | D:2      | Killed an ogre
  1274 | D:2      | Reached skill level 4 in Fighting
  1274 | D:2      | Reached XP level 5. HP: 48/54 MP: 9/9
  2122 | D:3      | Slain by a scorpion

Illustrated notes

Levels and vault maps discovered:
D:1:      psy_arrival_terrarium, layout_basic, dk_noncrumbling_3
D:2:      layout_loops_corners, serial_bayou_pond_d, hangedman_decor_push,
          uniq_robin
D:3:      layout_basic, minmay_lizard_king

Skill      XL: |  1  2  3  4 |
---------------+-------------+-----
Dodging        | 2 3 |  3.2
Fighting       | 3 4 |  4.0
Maces & Flails | 3 |  3.7
Conjurations   | 3 |  3.0
Spellcasting   | 3 |  3.0

Action                     |  1- 3 |  4- 6 || total
---------------------------+-------+-------++-------
  Melee: Mace              |   108 |     6 ||   114
         Triple sword      |     9 |       ||     9
         Giant spiked club |       |    36 ||    36
  Throw: Dart              |       |     1 ||     1
   Cast: Kiss of Death     |     2 |       ||     2
  Evoke: Wand              |       |     2 ||     2
    Use: Scroll            |       |     6 ||     6
         Potion            |       |     2 ||     2
 Armour: Robe              |    35 |       ||    35
         Animal skin       |    17 |    22 ||    39
  Dodge: Dodged            |    63 |    26 ||    89

Table legend: (Time is in decaauts)
 A = Elapsed time spent in this place.
 B = Non-inter-level travel time spent in this place.
 C = Inter-level travel time spent in this place.
 D = Time resting spent in this place.
 E = Time spent auto-exploring this place.
 F = Levels seen in this place.
 G = Mean time per level.
                   A        B        C        D        E       F      G
               +--------+--------+--------+--------+--------+-----+--------+
         Total |   2176 |   2118 |     58 |    435 |   1187 |   3 |  725.3 |
       Dungeon |   2176 |   2118 |     58 |    435 |   1187 |   3 |  725.3 |
               +--------+--------+--------+--------+--------+-----+--------+

Top non-repeatable levels by time:
     D:2: 1310 daAuts
     D:1: 631 daAuts
     D:3: 235 daAuts
